 Dungeon Crawl Stone Soup version 0.30.0-20-g3615ddf2f0 (webtiles) character file.

Game seed: 3112615683300446984

168 qw the Chopper (level 5, -1/32 HPs)
             Began as a Gargoyle Fighter on May 27, 2023.
             Slain by a goblin
             ... wielding a +0 dagger
             ... led by Robin
              (3 damage)
             ... on level 3 of the Dungeon.
             The game lasted 00:00:52 (1793 turns).

qw the Chopper (Gargoyle Fighter)                   Turns: 1793, Time: 00:00:52

Health: -1/32      AC: 10    Str: 20 (21) XL:     5   Next: 49%
Magic:  5/5        EV: 14    Int:  9      God:
Gold:   228        SH:  9    Dex:  9      Spells: 4/4 levels left

rFire   . . .        Y - +1 war axe
rCold   . . .        c - +0 buckler
rNeg    + . .        b - +0 scale mail
rPois   inf          (no helmet)
rElec   +            (no cloak)
rCorr   .            (no gloves)
SInv    .            (no boots)
Will    .....        m - amulet of reflection Stlth
                     k - +5 ring of evasion
HPRegen 0.25/turn    (no ring)
MPRegen 0.09/turn

%: reflection
@: no status effects
A: sickness immunity, AC +4, negative energy resistance 1, electricity
resistance, torment resistance 1, petrification resistance
a: no special abilities


You were on level 3 of the Dungeon.
You visited 1 branch of the dungeon, and saw 3 of its levels.

You collected 228 gold pieces.


Innate Abilities, Weirdness & Mutations

You are immune to sickness and miasma.
Your stone body is resilient. (AC +4)
You are immune to poison.
You resist negative energy. (rN+)
You are resistant to electric shocks. (rElec)
You are resistant to unholy torment.
You are immune to petrification.


   Skills:
 + Level 3.4 Fighting
 - Level 5.0 Axes
 - Level 3.2 Armour
 - Level 3.2 Shields


You had 4 spell levels left.
You didn't know any spells.
Your spell library was empty.

Inventory:

Hand Weapons
 i - a +3 whip
 Y - a +1 war axe (weapon)
Missiles
 e - 5 boomerangs (quivered)
Armour
 b - a +0 scale mail (worn)
 c - a +0 buckler (worn)
Jewellery
 k - a +5 ring of evasion (left hand)
 m - an amulet of reflection (around neck)
Potions
 a - a potion of curing {unknown}
 d - 2 potions of might
 h - a potion of ambrosia {unknown}
 j - a potion of attraction {unknown}

Dungeon Overview and Level Annotations

Branches:
Dungeon (3/15)

Altars:
Makhleb

Annotations:
D:3 Robin, Terence


Message History

You slash the bat!
You kill the bat!
You closely miss the hobgoblin. You hit Terence but do no damage.
You block Terence's attack.
You barely miss Terence. You hit the hobgoblin. You barely miss Robin.
You hit the goblin. Terence hits you with a +0 flail.
You block the goblin's attack. You block Robin's attack.
The hobgoblin misses you. Terence hits you with a +0 flail!
The hobgoblin hits you. The goblin misses you. You block Robin's attack.
You barely miss the hobgoblin.
The hobgoblin is almost dead.
You hit the goblin.
You kill the goblin!
You hit Terence but do no damage. You barely miss Robin.
You block Terence's attack. The hobgoblin barely misses you.
You block Robin's attack.
You hit the hobgoblin.
You kill the hobgoblin!
You hit Terence. You hit Robin. You slash the goblin!
You kill the goblin!
Terence hits you with a +0 flail. Robin barely misses you.
You barely miss Terence.
Terence is lightly wounded.
You hit Robin. You hit the goblin. Terence hits you with a +0 flail.
You block the goblin's attack.
You hit Robin.
Robin is heavily wounded.
You closely miss the goblin. You hit the goblin.
You kill the goblin!
You hit Terence.
The goblin no longer looks unusually strong.
Terence misses you. You block Robin's attack. The goblin misses you.
Terence hits you with a +0 flail. Robin hits you with a +5 club.
You hit Robin but do no damage.
Robin is heavily wounded.
You closely miss the hobgoblin. You hit the goblin. You closely miss Terence.
Robin throws the goblin at you! The hobgoblin misses you.
You block Terence's attack. The goblin hits you with a +0 dagger.
You die...

#...............
#........#######
#............#
#........#...#
#........#...#
#.....##.#.###
##.........#
#.......g.####.
#.....g@.......
####..g)@.##...
#......# .
#......#
......).#
.........#
..........#
...........


You could see Terence, Robin, a hobgoblin (strong) and a goblin.

Vanquished Creatures
  A centaur (D:3)
  5 adders
  An orc (D:3)
  6 ball pythons
  3 endoplasms
  8 goblins
  5 hobgoblins
  7 kobolds
  A quokka (D:1)
  2 bats
  2 frilled lizards
  5 rats
46 creatures vanquished.

Notes
Turn   | Place    | Note
-------+----------+-------------------------------------------
     0 | D:1      | qw the Gargoyle Fighter began the quest for the Orb.
     0 | D:1      | Reached XP level 1. HP: 14/14 MP: 1/1
     0 | D:1      | 0 ||| qw: Version: 0.2-a-99-gce666ed
     0 | D:1      | 0 ||| qw: Game counter: 111
     0 | D:1      | 0 ||| qw: Always use a shield: true
     0 | D:1      | 0 ||| qw: God list: Okawaru
     0 | D:1      | 0 ||| qw: Allow faded altars: false
     0 | D:1      | 0 ||| qw: Do Orc after D:15 true
     0 | D:1      | 0 ||| qw: Do second Lair branch before Depths: true
     0 | D:1      | 0 ||| qw: Lair rune preference: random
     0 | D:1      | 0 ||| qw: Plans: Normal, Zot:1-4, God:TSO, Crypt, Tomb,
                  | Pan, Slime:5, Hells, Abyss, Win
     0 | D:1      | 0 ||| PLANNING D:1-11
    14 | D:1      | 14 ||| Stepping ~*~*~tactically~*~*~ (hiding).
   157 | D:1      | Reached skill level 2 in Axes
   270 | D:1      | Reached XP level 2. HP: 15/19 MP: 2/2
   311 | D:1      | 311 ||| DROPPING +0 club.
   493 | D:1      | You fall into a shaft and drop 1 floor!
   512 | D:2      | 512 ||| Stepping ~*~*~tactically~*~*~ (hiding).
   513 | D:2      | 513 ||| Stepping ~*~*~tactically~*~*~ (hiding).
   537 | D:2      | Reached skill level 3 in Axes
   546 | D:2      | 546 ||| Stepping ~*~*~tactically~*~*~ (stealth).
   584 | D:2      | Reached XP level 3. HP: 23/23 MP: 3/3
   586 | D:2      | 586 ||| READING scroll labelled SODYSO WIFRAM.
   587 | D:2      | 587 ||| READING 2 scrolls labelled DYIREW YWAUQ.
   588 | D:2      | 588 ||| READING scroll labelled IHUSSI EXTOA.
   589 | D:2      | 589 ||| READING scroll labelled CEUVUXK MUSUO.
   591 | D:2      | Found a burning altar of Makhleb.
   592 | D:2      | 592 ||| READING scroll labelled ZUSHYLIAST.
   593 | D:2      | 593 ||| FLEEEEING.
   594 | D:2      | 594 ||| FLEEEEING.
   595 | D:2      | 595 ||| FLEEEEING.
   596 | D:2      | 596 ||| FLEEEEING.
   597 | D:2      | 597 ||| FLEEEEING.
   598 | D:2      | 598 ||| FLEEEEING.
   599 | D:2      | 599 ||| STAIRDANCE
   947 | D:1      | 947 ||| READING scroll labelled YTUJUI TECE.
   948 | D:1      | 948 ||| READING scroll labelled PISCHA YHIXKE.
   949 | D:1      | 949 ||| DROPPING scroll of blinking.
  1413 | D:2      | 1413 ||| UPGRADING to amulet of reflection.
  1418 | D:2      | 1418 ||| UPGRADING to +5 ring of evasion.
  1419 | D:2      | 1419 ||| READING scroll labelled FOANOC REYDECK.
  1420 | D:2      | 1420 ||| READING scroll labelled XAREUL JIRUJE.
  1421 | D:2      | 1421 ||| DRINKING 2 silvery potions.
  1422 | D:2      | 1422 ||| DROPPING potion of degeneration.
  1454 | D:3      | 1454 ||| Stepping ~*~*~tactically~*~*~ (hiding).
  1479 | D:3      | Reached XP level 4. HP: 28/28 MP: 4/4
  1530 | D:3      | Noticed a centaur
  1531 | D:3      | 1531 ||| Stepping ~*~*~tactically~*~*~ (hiding).
  1533 | D:3      | 1533 ||| Stepping ~*~*~tactically~*~*~ (hiding).
  1534 | D:3      | 1534 ||| Stepping ~*~*~tactically~*~*~ (hiding).
  1535 | D:3      | 1535 ||| Stepping ~*~*~tactically~*~*~ (hiding).
  1536 | D:3      | 1536 ||| Stepping ~*~*~tactically~*~*~ (hiding).
  1537 | D:3      | Killed a centaur
  1538 | D:3      | Reached skill level 4 in Axes
  1538 | D:3      | Reached XP level 5. HP: 19/32 MP: 5/5
  1563 | D:3      | 1563 ||| Stepping ~*~*~tactically~*~*~ (stealth).
  1649 | D:3      | 1649 ||| Stepping ~*~*~tactically~*~*~ (hiding).
  1650 | D:3      | 1650 ||| Stepping ~*~*~tactically~*~*~ (hiding).
  1781 | D:3      | Noticed Terence
  1781 | D:3      | Noticed Robin
  1785 | D:3      | Reached skill level 5 in Axes
  1792 | D:3      | HP: 6/32 [Terence/+0 flail (3)]
  1792 | D:3      | HP: 2/32 [Robin/+5 club (4)]
  1793 | D:3      | Slain by a goblin

Levels and vault maps discovered:
D:1:      dpeg_arrival_windows_large_door, layout_loops_ring,
          hangedman_decor_clover_reticule, kennysheep_small_spiral
D:2:      layout_basic, basic_altar, minmay_hexomino_f4
D:3:      layout_basic, mainiacjoe_overflow_alcove_4, uniq_terence, uniq_robin

Skill      XL: |  1  2  3  4  5 |
---------------+----------------+-----
Axes           | 2 3 4 5 |  5.0
Fighting       | |  3.4
Armour         | |  3.2
Shields        | |  3.2

Action                     |  1- 3 |  4- 6 || total
---------------------------+-------+-------++-------
  Melee: War axe           |    68 |    27 ||    95
  Throw: Boomerang         |    30 |    14 ||    44
    Use: Scroll            |     9 |       ||     9
         Potion            |     1 |       ||     1
 Armour: Scale mail        |    38 |     4 ||    42
  Dodge: Dodged            |    29 |    29 ||    58
  Block: Buckler           |     9 |    20 ||    29
         Reflection        |       |     3 ||     3

Table legend:
 A = Non-vault XP
 B = Vault XP
 C = Vault XP percentage of total XP
 D = Non-vault monster count
 E = Vault monster count
 F = Vault count percentage of total count
                 A         B        C        D         E       F
            +---------+---------+-------+---------+---------+-------
      Total |     224 |      17 |   7.1 |      37 |       9 |  19.6
            +---------+---------+-------+---------+---------+-------
        D:1 |      17 |       0 |   0.0 |      11 |       0 |   0.0
        D:2 |      43 |       1 |   2.3 |      13 |       1 |   7.1
        D:3 |     164 |      16 |   8.9 |      13 |       8 |  38.1
            +---------+---------+-------+---------+---------+-------
